Map: Dusk Towers

Players

Miszu - Winner!

  • Race: Terran Terran

Aicy

  • Race: Protoss Protoss
  • League: Master

VOD

Have the link to the VOD?

Description

Time

  • Played on: July 3, 2016, 7:37 a.m.
  • Length: 7:46
Show
View Real Time Build Order
Export as new Build Order

Miszu Terran - Winner!

Build Orders: 1/1/1, Liberator Opening, MMM Bio 

Get SALT Encoding   

  12  0:01  SCV  
  13  0:13  SCV  
  14  0:17  Supply Depot  
  14  0:25  SCV  
  15  0:36  Refinery  
  15  0:39  SCV  
  16  0:49  Barracks  
  16  0:51  SCV  
  17  0:58  Refinery  
  17  1:03  SCV  
  18  1:15  SCV  
  19  1:27  SCV  
  20  1:36  Factory  
  20  1:37  Marine  
  20  1:39  Orbital Command  
  21  1:54  Supply Depot  
  21  1:55  Marine  
  22  2:05  SCV  
  23  2:15  Marine  
  24  2:22  Factory Reactor  
  24  2:23  Starport  
  24  2:24  Hellion  
  24  2:28  Supply Depot  
  24  2:29  SCV  
  27  2:35  Marine  
  28  2:41  SCV  
  29  2:46  Hellion  
  31  2:52  Marine  
  31  2:55  Command Center  
  32  3:01  Medivac  
  34  3:10  Supply Depot  
  34  3:12  SCV  
  35  3:15  Hellion  
  35  3:19  Barracks Reactor, Liberator  
  37  3:38  SCV  
  41  3:43  Factory Tech Lab  
  41  3:48  Barracks  
  41  3:50  Barracks  
  41  3:52  SCV  
  42  4:01  Siege Tank  
  45  4:03  Marine x2  
  47  4:20  Marine  
  41  4:34  Marine  
  41  4:36  SCV  
  40  4:38  Marine  
  40  4:39  Orbital Command  
  40  4:44  Barracks Tech Lab x2  
  40  4:48  Siege Tank, SCV  
  40  4:51  Marine  
  45  4:56  Marine  
  46  5:01  SCV  
  46  5:03  Marine, Stimpack, Combat Shields  
  46  5:06  SCV  
  49  5:09  Marine  
  49  5:10  Marine  
  49  5:11  Starport Reactor  
  49  5:13  SCV  
  52  5:18  SCV  
  52  5:19  Marine  
  54  5:25  SCV  
  55  5:29  Marine x3  
  55  5:31  SCV  
  55  5:34  Supply Depot  
  59  5:37  Marine, SCV  
  59  5:40  Supply Depot  
  61  5:43  SCV  
  62  5:52  Refinery  
  62  5:53  Refinery  
  62  5:55  Marine x3, Siege Tank, SCV x2  
  70  5:59  Liberator  
  70  6:02  Marine  
  70  6:04  Engineering Bay  
  68  6:07  SCV x2  
  70  6:13  Marine  
  70  6:14  Marine, Liberator  
  70  6:15  Marine  
  76  6:19  SCV  
  76  6:23  Marine  
  78  6:31  Supply Depot, Marine, SCV x2  
  78  6:32  Supply Depot  
  84  6:47  Marauder  
  86  6:50  Bunker  
  86  6:56  Marauder  
  86  7:03  Marine x2  
  86  7:08  Marauder  
  90  7:09  Siege Tank  
  90  7:12  Missile Turret  
  93  7:17  Marauder  
  93  7:21  Marine  
  93  7:25  Marine  
  96  7:30  SCV  
  96  7:31  SCV  
  98  7:38  Barracks  
Show
View Real Time Build Order
Export as new Build Order

Aicy Protoss 

Build Orders: 1 Gate Expand 

Get SALT Encoding   

  12  0:01  Probe (Chrono Boost)  
  13  0:12  Probe (Chrono Boost)  
  14  0:18  Pylon  
  14  0:22  Probe (Chrono Boost)  
  15  0:36  Gateway, Probe (Chrono Boost)  
  16  0:46  Probe (Chrono Boost)  
  17  0:50  Assimilator  
  17  0:57  Probe (Chrono Boost)  
  18  1:08  Probe (Chrono Boost)  
  19  1:18  Probe (Chrono Boost)  
  20  1:25  Nexus  
  20  1:29  Probe (Chrono Boost)  
  21  1:37  Cybernetics Core  
  21  1:41  Probe (Chrono Boost)  
  22  1:48  Pylon  
  22  1:52  Probe (Chrono Boost)  
  23  1:56  Assimilator  
  23  2:06  Probe (Chrono Boost)  
  24  2:14  Warp Gate  
  24  2:17  Mothership Core (Chrono Boost)  
  24  2:20  Adept  
  28  2:35  Probe (Chrono Boost)  
  29  2:41  Robotics Facility  
  29  2:42  Probe (Chrono Boost)  
  30  2:46  Probe (Chrono Boost)  
  30  2:50  Stalker (Chrono Boost)  
  33  2:52  Probe (Chrono Boost)  
  33  2:56  Probe  
  35  3:02  Probe  
  35  3:03  Pylon  
  36  3:09  Probe  
  37  3:13  Gateway  
  37  3:16  Probe  
  37  3:17  Adept (Chrono Boost)  
  40  3:21  Probe  
  41  3:27  Probe  
  41  3:29  Observer  
  41  3:32  Pylon  
  41  3:33  Pylon  
  41  3:34  Probe  
  44  3:42  Adept (Chrono Boost), Probe  
  44  3:46  Probe  
  48  3:50  Observer  
  48  3:53  Probe  
  50  3:58  Probe  
  50  4:00  Twilight Council  
  51  4:07  Pylon  
  51  4:09  Probe  
  51  4:11  Probe  
  51  4:14  Observer  
  54  4:22  Probe  
  54  4:23  Probe  
  48  4:33  Probe  
  48  4:36  Probe  
  48  4:37  Blink (Chrono Boost)  
  50  4:40  Assimilator  
  50  4:43  Probe  
  51  4:50  Probe  
  52  4:54  Probe  
  53  5:04  Probe  
  53  5:05  Probe  
  53  5:09  Stalker x2  
  57  5:15  Assimilator  
  57  5:16  Probe  
  57  5:17  Probe  
  58  5:28  Probe  
  59  5:29  Probe  
  59  5:30  Stalker  
  59  5:31  Stalker  
  59  5:33  Nexus  
  59  5:35  Pylon  
  63  5:40  Probe  
  63  5:41  Probe  
  65  5:50  Stalker  
  65  5:52  Stalker, Probe (Chrono Boost)  
  65  5:53  Probe (Chrono Boost)  
  71  6:03  Probe (Chrono Boost)  
  71  6:04  Probe (Chrono Boost)  
  71  6:09  Warp Prism  
  73  6:12  Probe  
  73  6:15  Probe  
  73  6:17  Stalker  
  77  6:23  Pylon  
  77  6:25  Pylon  
  77  6:41  Gateway, Pylon x2  
  77  6:42  Gateway  
  77  6:44  Gateway  
  77  6:45  Stalker  
  77  6:46  Stalker  
  73  7:06  Pylon  
  73  7:07  Pylon  
  73  7:10  Stalker x2  
  73  7:34  Stalker  
Tags
 
Add a new tag
Caveats
  • Supply blocks, unpowered buildings, or Contaminate may cause inaccurate times.
  • Supply counts are checked every 10 seconds.